Map: Invader LE

Players

puCK (Nina)

  • Race: Protoss Protoss
  • League: Grandmaster

Cham - Winner!

  • Race: Zerg Zerg

VOD

Have the link to the VOD?

Description

Time

  • Played on: May 22, 2016, 12:15 a.m.
  • Length: 8:54
Show
View Real Time Build Order
Export as new Build Order

puCK Protoss 

Build Orders: 1 Gate Expand, Colossus Rush 

Get SALT Encoding   

  12  0:01  Probe (Chrono Boost)  
  13  0:11  Probe (Chrono Boost)  
  14  0:17  Pylon  
  14  0:22  Probe (Chrono Boost)  
  16  0:35  Probe (Chrono Boost)  
  16  0:37  Gateway  
  16  0:44  Assimilator  
  16  0:46  Probe (Chrono Boost)  
  17  0:57  Probe (Chrono Boost)  
  18  1:08  Probe (Chrono Boost)  
  20  1:20  Nexus  
  20  1:30  Cybernetics Core  
  19  1:33  Probe (Chrono Boost)  
  19  1:39  Assimilator  
  20  1:44  Probe (Chrono Boost)  
  21  1:54  Probe (Chrono Boost)  
  21  1:55  Pylon  
  21  2:00  Warp Gate (Chrono Boost)  
  22  2:07  Probe  
  23  2:13  Adept  
  25  2:19  Probe  
  26  2:26  Twilight Council  
  26  2:31  Probe x2  
  28  2:41  Adept, Probe  
  28  2:43  Probe  
  32  2:51  Mothership Core  
  32  2:56  Probe  
  35  3:03  Gateway  
  35  3:06  Resonating Glaives (Chrono Boost)  
  35  3:08  Probe  
  36  3:16  Gateway  
  36  3:17  Gateway  
  36  3:25  Gateway  
  36  3:26  Gateway  
  36  3:27  Probe x2  
  38  3:39  Probe x2  
  38  3:40  Gateway  
  36  3:49  Pylon  
  36  3:51  Probe (Chrono Boost), Pylon  
  36  3:52  Probe (Chrono Boost)  
  38  4:03  Adept, Probe x2 (Chrono Boost)  
  38  4:08  Adept  
  44  4:12  Probe  
  44  4:14  Probe  
  46  4:19  Robotics Facility  
  46  4:21  Adept x2  
  46  4:23  Probe  
  50  4:25  Adept  
  50  4:29  Adept  
  50  4:30  Probe  
  56  4:34  Probe  
  56  4:35  Adept  
  59  4:38  Pylon  
  59  4:42  Probe  
  59  4:45  Assimilator  
  60  4:46  Assimilator, Probe  
  61  4:56  Probe  
  61  4:57  Probe  
  61  4:59  Sentry x2  
  67  5:05  Sentry  
  67  5:08  Probe  
  67  5:13  Nexus  
  68  5:16  Pylon  
  68  5:25  Pylon  
  68  5:30  Pylon  
  68  5:31  Colossus (Chrono Boost), Pylon  
  68  5:35  Immortal (Chrono Boost)  
  72  5:37  Sentry x2  
  70  5:53  Adept x3  
  70  6:02  Stalker x2  
  73  6:06  Gateway  
  73  6:09  Gateway  
  73  6:10  Pylon  
  73  6:18  Sentry x2  
  76  6:25  Pylon  
  76  6:27  Pylon  
  76  6:44  Immortal (Chrono Boost)  
  80  6:49  Adept x4  
  80  6:50  Adept  
  90  7:02  Nexus  
  90  7:11  Pylon  
  90  7:13  Pylon  
  90  7:16  Pylon  
  90  7:19  Pylon  
  90  7:21  Pylon  
  90  7:29  Probe  
  91  7:31  Adept  
  91  7:32  Immortal (Chrono Boost)  
  91  7:34  Dark Shrine  
  91  7:36  Adept x2  
  101  7:38  Probe  
  102  7:46  Adept x2  
  98  8:03  Adept x4  
  87  8:14  Sentry x2  
  85  8:25  Adept  
  85  8:26  Adept x2  
  73  8:32  Adept  
  69  8:39  Adept x2  
Show
View Real Time Build Order
Export as new Build Order

Cham Zerg - Winner!

Build Orders: Hatch First 

Get SALT Encoding   

  12  0:01  Drone  
  13  0:10  Drone  
  14  0:17  Overlord  
  14  0:35  Drone x3  
  17  0:51  Hatchery  
  17  0:55  Drone  
  17  0:58  Drone  
  17  1:01  Extractor  
  17  1:09  Drone  
  18  1:17  Spawning Pool  
  17  1:20  Drone  
  18  1:31  Drone  
  19  1:43  Drone  
  20  1:51  Hatchery  
  19  1:54  Drone  
  20  2:05  Metabolic Boost  
  20  2:12  Queen  
  22  2:16  Drone  
  22  2:17  Drone  
  24  2:22  Overlord  
  24  2:25  Drone  
  24  2:28  Drone  
  26  2:31  Drone  
  27  2:40  Queen  
  27  2:41  Overlord  
  29  2:44  Drone  
  29  2:47  Zergling x2  
  29  2:49  Zergling x2  
  32  2:55  Zergling x2  
  32  2:57  Queen  
  35  3:05  Drone x2  
  37  3:07  Drone  
  37  3:10  Drone  
  39  3:14  Overlord  
  39  3:17  Drone  
  40  3:20  Drone  
  40  3:24  Drone  
  42  3:28  Drone x3  
  42  3:34  Drone x2  
  47  3:36  Drone  
  47  3:38  Roach Warren  
  46  3:44  Drone x2  
  48  3:49  Overlord  
  48  3:55  Overlord  
  48  3:59  Drone x2  
  50  4:03  Drone x5  
  50  4:08  Overlord x3  
  54  4:18  Roach x4  
  54  4:20  Roach  
  54  4:21  Roach  
  66  4:25  Roach  
  66  4:27  Roach  
  70  4:31  Zergling x4  
  70  4:32  Zergling x2  
  70  4:34  Zergling x2  
  70  4:38  Zergling x8  
  78  4:42  Zergling x2  
  78  4:44  Overlord  
  78  4:45  Zergling x6  
  81  4:48  Zergling x2  
  81  4:51  Lair  
  83  4:56  Zergling x4  
  85  5:01  Zergling x2  
  85  5:06  Overlord  
  86  5:08  Zergling x6  
  86  5:10  Zergling x2  
  86  5:11  Zergling x2  
  86  5:13  Zergling x6  
  94  5:18  Zergling x4  
  94  5:19  Zergling x2  
  97  5:22  Zergling x2  
  97  5:25  Zergling x2  
  99  5:28  Hatchery  
  99  5:33  Zergling x2  
  99  5:34  Zergling x4  
  101  5:37  Overlord  
  101  5:38  Zergling x2  
  101  5:39  Zergling x2  
  101  5:48  Zergling x6  
  100  5:51  Zergling x4  
  100  5:52  Zergling x2  
  100  5:54  Overseer  
  100  5:55  Overseer  
  101  5:57  Zergling x2  
  101  5:58  Zergling x8  
  101  6:03  Extractor  
  104  6:05  Extractor  
  102  6:16  Drone x7  
  102  6:17  Drone x2  
  104  6:21  Overlord  
  103  6:32  Drone x3  
  106  6:33  Drone x2  
  106  6:35  Extractor  
  107  6:44  Overlord x2  
  109  6:47  Roach x5  
  109  6:48  Roach x2  
  121  6:55  Roach x5  
  116  7:09  Zergling x8, Roach  
  116  7:10  Zergling x2  
  116  7:11  Ravager x2  
  123  7:16  Ravager  
  124  7:25  Ravager  
  124  7:26  Zergling x12  
  124  7:27  Zergling x4, Ravager  
  124  7:29  Zergling x4  
  136  7:31  Overseer  
  136  7:34  Zergling x6  
  138  7:44  Ravager  
  138  7:45  Ravager  
  138  7:49  Zergling x8  
  140  7:57  Zergling x2, Roach x4  
  134  8:00  Zergling x8  
  134  8:01  Zergling x2, Roach x2  
  132  8:05  Ravager  
  132  8:09  Zergling x4  
  132  8:12  Zergling x8  
  135  8:13  Queen  
  129  8:21  Zergling x4, Roach x2  
  129  8:24  Roach x2  
  129  8:25  Roach  
  129  8:26  Ravager  
  128  8:28  Zergling x4  
Tags
 
Add a new tag
Caveats
  • Supply blocks, unpowered buildings, or Contaminate may cause inaccurate times.
  • Supply counts are checked every 10 seconds.